Map: Lockdown LE

Players

반포골드핑거 - Winner!

  • Race: Zerg Zerg
  • League: Master

SialicAcid

  • Race: Terran Terran
  • League: Diamond

VOD

Have the link to the VOD?

Description

Time

  • Played on: Sept. 23, 2026, 4:52 p.m.
  • Length: 13:53
Show
View Real Time Build Order
Export as new Build Order

반포골드핑거 Zerg - Winner!

Build Orders: Hatch First 

Get SALT Encoding   

  12  0:00  Drone  
  13  0:12  Overlord  
  13  0:18  Drone  
  14  0:30  Drone x2  
  16  0:36  Drone  
  17  0:49  Hatchery  
  16  0:52  Drone  
  16  0:55  Drone  
  18  1:06  Extractor  
  18  1:09  Spawning Pool  
  16  1:13  Drone  
  16  1:17  Drone  
  18  1:28  Drone  
  19  1:39  Drone  
  20  1:50  Drone  
  21  2:00  Queen  
  21  2:01  Queen  
  23  2:02  Zergling x4  
  27  2:13  Hatchery  
  26  2:17  Metabolic Boost  
  26  2:23  Overlord  
  26  2:27  Drone  
  27  2:31  Drone  
  28  2:42  Drone x3  
  31  2:46  Queen  
  31  2:50  Overlord  
  33  2:53  Drone  
  34  3:00  Drone x2  
  36  3:10  Drone x5  
  41  3:17  Queen  
  43  3:22  Overlord  
  43  3:27  Drone x2  
  43  3:33  Queen  
  48  3:41  Zergling x10  
  48  3:43  Queen  
  48  3:48  Overlord  
  54  4:02  Drone x4  
  58  4:04  Overlord  
  58  4:05  Overlord x2  
  58  4:13  Queen  
  60  4:17  Drone x3  
  60  4:19  Drone  
  64  4:26  Drone x7  
  71  4:34  Lair  
  71  4:37  Drone  
  71  4:38  Drone x3  
  75  4:46  Overlord  
  75  4:55  Hatchery  
  75  4:57  Overlord x4  
  75  4:58  Drone x2  
  76  5:02  Extractor  
  76  5:03  Extractor  
  76  5:04  Evolution Chamber  
  76  5:06  Evolution Chamber  
  72  5:08  Drone x5  
  77  5:16  Drone  
  77  5:17  Drone x4  
  82  5:23  Spore Crawler x2  
  82  5:24  Drone  
  82  5:25  Drone x3, Spore Crawler  
  82  5:27  Drone  
  84  5:29  Extractor  
  84  5:30  Extractor  
  84  5:34  Zergling x4  
  84  5:35  Spore Crawler  
  83  5:37  Zerg Melee Weapons Level 1  
  83  5:40  Zergling x10  
  88  5:56  Drone x2, Infestation Pit  
  89  6:00  Zergling x16  
  89  6:04  Hatchery  
  95  6:06  Drone x2  
  97  6:14  Drone x8  
  97  6:17  Zerg Ground Armor Level 1  
  105  6:21  Overlord x2  
  105  6:25  Overseer  
  105  6:34  Overlord x3  
  105  6:36  Hive  
  105  6:37  Zergling x6  
  108  6:43  Infestor x2  
  110  6:55  Zergling x24  
  110  7:00  Drone x2  
  121  7:04  Drone  
  122  7:13  Zergling x6  
  122  7:14  Zergling x2  
  126  7:16  Zergling x2  
  126  7:20  Drone x5  
  132  7:28  Hatchery  
  131  7:34  Zergling x12  
  131  7:36  Zerg Melee Weapons Level 2  
  137  7:43  Drone  
  138  7:44  Drone  
  138  7:50  Zergling x24, Adrenal Glands  
  150  7:55  Ultralisk Cavern  
  150  7:57  Pneumatized Carapace  
  134  8:06  Zergling x22  
  134  8:12  Zergling x20  
  139  8:18  Zergling x6  
  126  8:22  Zergling x6  
  125  8:27  Zergling x10  
  125  8:28  Zerg Ground Armor Level 2  
  125  8:32  Zergling x4  
  125  8:33  Zergling x4  
  126  8:37  Zergling x10  
  126  8:38  Zergling x2  
  130  8:46  Infestor x2  
  130  8:47  Zergling x8  
  130  8:48  Zergling x10  
  141  8:50  Chitinous Plating, Hatchery  
  141  8:52  Ultralisk  
  137  8:59  Zergling x16  
  142  9:09  Zergling x20  
  143  9:13  Ultralisk  
  143  9:14  Ultralisk x2, Zergling x4  
  141  9:17  Zergling x4  
  141  9:23  Zergling x8  
  142  9:27  Zergling x10  
  126  9:38  Zergling x4  
  126  9:39  Zergling x16  
  128  9:48  Zergling x14  
  134  9:56  Overseer  
  134  10:04  Infestor x4  
  140  10:09  Zergling x10  
  140  10:10  Hatchery  
  128  10:19  Zergling x16  
  129  10:24  Drone x3  
  128  10:34  Anabolic Synthesis  
  122  10:36  Zerg Melee Weapons Level 3  
  122  10:39  Drone x8  
  122  10:40  Drone x3  
  127  10:46  Zergling x8  
  127  10:48  Zerg Ground Armor Level 3  
  131  10:54  Overseer  
  131  10:58  Zergling x24  
  131  11:02  Extractor  
  142  11:07  Overlord x2  
  142  11:08  Overlord x2  
  126  11:19  Zergling x16  
  126  11:24  Zergling x2  
  126  11:25  Zergling x16  
  127  11:29  Ultralisk  
  127  11:30  Ultralisk  
  133  11:35  Zergling x8  
  133  11:39  Ultralisk  
  143  11:40  Zergling x10  
  146  11:50  Zergling x24  
  157  11:59  Ultralisk x2  
  169  12:12  Infestor  
  169  12:14  Zergling x28  
  185  12:22  Hatchery  
  182  12:33  Baneling Nest  
  167  12:39  Ultralisk  
  160  12:44  Ultralisk  
  160  12:45  Zergling x50  
  160  12:46  Zergling x2  
  177  13:00  Zergling x20  
  177  13:05  Extractor  
  170  13:15  Zergling x4  
  170  13:16  Zergling x6  
  170  13:17  Overlord x4  
  184  13:35  Overlord x3  
Show
View Real Time Build Order
Export as new Build Order

SialicAcid Terran 

Build Orders: Reaper Expand 

Get SALT Encoding   

  12  0:00  SCV  
  13  0:12  SCV  
  14  0:17  Supply Depot  
  14  0:24  SCV  
  15  0:39  SCV  
  15  0:40  Barracks  
  16  0:45  Refinery  
  16  0:51  SCV  
  17  1:03  SCV  
  18  1:15  SCV  
  19  1:26  Reaper  
  19  1:28  Orbital Command  
  20  1:38  Command Center  
  20  1:46  Supply Depot  
  20  1:54  SCV  
  21  2:00  Marine  
  22  2:05  Factory  
  22  2:07  SCV  
  23  2:20  SCV  
  24  2:27  Barracks Reactor  
  24  2:33  SCV  
  25  2:39  Command Center  
  25  2:45  SCV  
  25  2:51  Orbital Command  
  26  3:01  Starport  
  26  3:03  SCV  
  27  3:09  Hellion  
  27  3:10  Hellion  
  31  3:13  Barracks Tech Lab  
  31  3:17  Refinery  
  31  3:19  SCV  
  32  3:20  SCV  
  33  3:32  Hellion  
  33  3:33  Hellion  
  37  3:36  SCV x2  
  37  3:40  Viking  
  41  3:48  SCV  
  41  3:50  SCV  
  41  3:52  Orbital Command  
  43  3:56  Barracks  
  43  4:01  SCV  
  44  4:05  Factory Reactor, SCV  
  45  4:10  Stimpack  
  45  4:13  SCV  
  45  4:14  Barracks  
  46  4:18  Starport Reactor  
  46  4:24  SCV x2  
  46  4:25  SCV  
  46  4:30  Supply Depot x2  
  49  4:36  Engineering Bay, SCV  
  49  4:38  SCV x2, Engineering Bay  
  52  4:45  Marine x2  
  54  4:51  Factory Tech Lab  
  54  5:01  Barracks  
  54  5:02  Medivac x2  
  54  5:04  Barracks  
  54  5:05  Marine x2  
  54  5:06  SCV x3  
  63  5:10  Refinery  
  63  5:13  Refinery  
  63  5:15  Marine x3  
  63  5:20  SCV x2  
  68  5:23  Supply Depot, Siege Tank, Orbital Command  
  71  5:32  Marine  
  71  5:34  Marine  
  71  5:35  Marine x3  
  76  5:41  Terran Infantry Weapons Level 1, SCV  
  77  5:44  SCV  
  78  5:50  Marine, Barracks  
  78  5:51  Barracks  
  78  5:55  Barracks  
  78  5:56  Terran Infantry Armor Level 1, SCV  
  80  5:58  SCV  
  84  6:06  Marine x2  
  84  6:10  Medivac  
  85  6:13  Barracks Tech Lab  
  85  6:14  Barracks Tech Lab  
  85  6:17  Barracks Reactor, Factory Reactor  
  85  6:24  Supply Depot  
  85  6:25  Supply Depot  
  85  6:35  Combat Shield  
  85  6:36  Concussive Shells  
  85  6:41  Barracks Reactor  
  85  6:44  Barracks Reactor  
  85  6:45  Marine x3, SCV  
  85  6:46  Marauder x2  
  93  6:47  Marine x2, SCV x2  
  97  6:57  SCV  
  97  7:01  Marine x2  
  89  7:03  Marine x3, Widow Mine x2, Medivac x2  
  101  7:11  Supply Depot  
  101  7:12  Supply Depot  
  101  7:18  Supply Depot  
  101  7:19  Supply Depot  
  101  7:20  SCV x3  
  101  7:21  Marauder x2  
  101  7:22  Marine  
  109  7:33  Marine x5, SCV, Marauder, Widow Mine  
  109  7:34  SCV, Widow Mine  
  122  7:42  Marauder, Marine  
  122  7:43  Marine x5  
  130  7:50  Marine  
  131  7:55  Widow Mine  
  133  8:04  Marine x11  
  140  8:07  Hellion  
  127  8:13  Medivac x2  
  127  8:16  Hellion  
  124  8:20  Marine, Marauder  
  124  8:22  Marine x6  
  124  8:23  Marauder  
  129  8:28  Hellion  
  120  8:42  Widow Mine, Marine  
  120  8:43  Marine x9, Medivac x2  
  120  8:44  Marauder  
  138  8:49  Widow Mine  
  136  9:04  Widow Mine  
  130  9:12  Marine  
  130  9:13  Marine x12, Medivac x2  
  137  9:30  SCV x3, Marine  
  141  9:35  Marine  
  141  9:36  Marine  
  141  9:37  Marauder  
  141  9:38  Marauder  
  141  9:42  Marine  
  141  9:43  Marauder  
  141  10:07  Marine x2  
  141  10:08  Marine x4  
  141  10:09  Marauder, Marine  
  141  10:10  Medivac, Marine  
  141  10:12  Marauder, Medivac  
  141  10:13  Marauder  
  140  10:15  Marine  
  140  10:16  Marine  
  140  10:17  Widow Mine  
  140  10:19  Widow Mine  
  141  10:22  SCV x2  
  138  10:31  Marauder  
  138  10:33  Marauder  
  138  10:35  Marauder  
  132  10:36  Marine x2  
  132  10:37  Marine x8  
  132  10:38  Widow Mine  
  140  10:51  Factory  
  140  10:54  Marine  
  141  11:01  Supply Depot  
  141  11:02  Supply Depot  
  141  11:03  Supply Depot  
  141  11:17  Marauder  
  141  11:19  Marine x2  
  141  11:20  Marine x3  
  141  11:21  Marine  
  141  11:22  Marine x2, Marauder x2, Widow Mine x2  
  137  11:28  Marine x2  
  122  11:37  Marine x3  
  122  11:38  Marine x2, Refinery  
  122  11:39  Marauder, Marine  
  130  11:40  Marine x2, Medivac  
  130  11:44  Marauder x2, Widow Mine  
  130  11:45  Widow Mine, Marine  
  130  11:46  Marine  
  144  11:55  Marine x3  
  144  11:56  Marine  
  144  12:00  Marauder  
  150  12:04  Marine  
  150  12:05  Marine x4, Marauder x2  
  150  12:06  Widow Mine  
  161  12:10  Marine  
  161  12:11  Widow Mine  
  161  12:13  Marine  
  165  12:15  Supply Depot  
  165  12:16  Command Center, Supply Depot  
  165  12:18  Marine x2  
  165  12:19  Widow Mine  
  165  12:21  Marauder  
  171  12:26  Marauder  
  171  12:27  Widow Mine  
  175  12:33  Widow Mine  
  168  12:41  Marine  
  168  12:42  Marine x7, Marauder  
  168  12:43  Marauder  
  146  12:45  Marine x2  
  146  12:48  Marauder  
  133  12:53  Command Center  
  126  12:59  Marine  
  113  13:07  Marine  
  113  13:08  Marine x7  
  103  13:28  Marine  
  103  13:29  Marauder x2  
Tags
 
Add a new tag
Caveats
  • Supply blocks, unpowered buildings, or Contaminate may cause inaccurate times.
  • Supply counts are checked every 10 seconds.